Map: Acropolis LE

Players

Mez - Winner!

  • Race: Terran Terran
  • League: Master
  • Spawn Location: 5:00

Saint

  • Race: Terran Terran
  • League: Master
  • Spawn Location: 11:00

VOD

Have the link to the VOD?

Description

Time

  • Played on: Sept. 5, 2019, 6:03 a.m.
  • Length: 13:31
Show
View Real Time Build Order
Export as new Build Order

Mez Terran - Winner!

Build Orders: Gas First Reaper Expand, Liberator Opening 

Get SALT Encoding   

  12  0:02  SCV  
  14  0:14  SCV  
  14  0:18  Supply Depot  
  14  0:26  SCV  
  14  0:27  Refinery  
  15  0:40  SCV  
  16  0:45  Barracks  
  16  0:52  SCV  
  17  1:04  SCV  
  18  1:16  SCV  
  19  1:33  Orbital Command, Reaper  
  20  1:48  Command Center  
  20  1:57  Factory  
  20  2:01  SCV  
  20  2:06  Barracks Reactor  
  21  2:11  Supply Depot  
  21  2:16  SCV  
  21  2:19  Refinery  
  22  2:28  SCV  
  23  2:40  SCV  
  24  2:49  Barracks Tech Lab  
  24  2:51  Starport  
  24  2:52  Hellion x2  
  24  2:53  SCV  
  29  3:03  Orbital Command  
  29  3:11  Marauder  
  35  3:20  Hellion x2  
  35  3:23  Concussive Shells  
  35  3:27  Medivac  
  37  3:35  Marauder  
  39  3:43  Hellion x2  
  43  3:51  Supply Depot  
  43  3:53  SCV x2  
  43  3:55  Liberator  
  45  4:10  SCV  
  45  4:12  SCV  
  45  4:16  Supply Depot  
  39  4:41  SCV x2  
  35  4:51  Cyclone, Barracks  
  35  4:52  Marine x2, Barracks  
  38  4:53  SCV x2  
  38  4:55  Command Center  
  38  4:56  Starport Tech Lab  
  40  5:05  SCV x2, Supply Depot  
  42  5:11  Marine  
  42  5:12  Marine  
  44  5:17  SCV x2, Raven  
  44  5:20  Refinery  
  48  5:23  Siege Tank  
  51  5:29  SCV x2  
  51  5:32  Marine x2  
  55  5:41  SCV x2  
  54  5:46  Barracks Reactor x2  
  54  5:53  SCV x2  
  53  6:08  SCV x2  
  56  6:12  Orbital Command, Refinery  
  55  6:20  Marine, SCV x2  
  55  6:21  Stimpack  
  55  6:23  Barracks, Viking  
  55  6:25  Barracks  
  60  6:26  Supply Depot x2  
  60  6:32  Siege Tank, SCV x2  
  62  6:33  Marine x2  
  65  6:44  SCV  
  65  6:45  Marine x2  
  67  6:51  Orbital Command  
  67  6:54  Engineering Bay  
  67  6:55  Engineering Bay  
  67  6:57  Viking x2  
  67  6:59  Marine  
  67  7:00  Marine x2  
  74  7:02  SCV x2  
  74  7:03  Marine x2  
  74  7:06  Siege Tank  
  81  7:12  Barracks Reactor  
  81  7:13  Supply Depot, Barracks Reactor  
  81  7:14  SCV, Supply Depot  
  82  7:23  Marine x5  
  82  7:25  Refinery  
  87  7:33  Terran Infantry Armor Level 1, Terran Infantry Weapons Level 1  
  87  7:35  SCV x2  
  87  7:36  SCV  
  90  7:39  Supply Depot  
  90  7:41  Marine x2, Supply Depot  
  92  7:46  Siege Tank  
  92  7:47  Marine x3  
  92  7:48  SCV x2  
  92  7:51  SCV  
  101  7:58  Marine x2  
  101  7:59  Marine  
  101  8:00  SCV, Combat Shield  
  101  8:05  SCV x2  
  107  8:08  Refinery  
  107  8:10  Supply Depot  
  107  8:11  Supply Depot  
  107  8:12  Viking x2  
  111  8:17  Marine x7  
  111  8:18  Marine x2  
  111  8:19  SCV  
  120  8:30  Siege Tank, SCV  
  120  8:31  SCV  
  125  8:37  SCV  
  126  8:42  Command Center  
  126  8:43  SCV  
  126  8:44  Marine x2  
  126  8:45  Marine x6  
  126  8:46  Armory  
  135  8:49  Medivac  
  135  8:50  Medivac  
  135  8:52  SCV x2  
  141  8:58  Supply Depot  
  141  9:00  Supply Depot  
  141  9:13  SCV  
  141  9:14  Marine x2, SCV  
  141  9:15  Marine x4  
  149  9:20  Marine x3, Siege Tank  
  149  9:21  Factory  
  139  9:32  Marine  
  139  9:37  Viking x2  
  136  9:43  SCV  
  136  9:44  SCV x2  
  139  9:56  SCV x2, Starport  
  139  9:57  Command Center, Starport  
  141  10:02  Siege Tank  
  141  10:05  Factory Tech Lab  
  141  10:06  Marine  
  86  10:07  Marine x6, Medivac x2  
  145  10:10  SCV x3  
  158  10:23  Terran Infantry Armor Level 2, Terran Infantry Weapons Level 2  
  158  10:25  Terran Ship Weapons Level 1  
  156  10:30  Refinery  
  156  10:32  Planetary Fortress  
  156  10:33  SCV x3  
  156  10:35  Refinery  
  159  10:37  Viking x2  
  162  10:45  SCV x3  
  165  10:53  Marine x4, Siege Tank  
  165  10:56  Starport Reactor, Starport Tech Lab  
  172  10:57  SCV x3  
  172  11:01  Fusion Core  
  175  11:07  Viking x2  
  177  11:18  Marine x7  
  172  11:19  Siege Tank  
  172  11:24  Barracks  
  172  11:25  Barracks  
  181  11:26  Barracks  
  181  11:35  Command Center  
  181  11:39  Viking  
  183  11:40  Viking x4  
  191  11:47  Command Center  
  191  11:51  Supply Depot  
  191  12:00  Barracks Tech Lab x2  
  191  12:24  Barracks Tech Lab x3  
  191  12:25  Viking x4  
  176  12:51  Marine  
  176  12:52  Marine x3  
  176  12:55  Marauder x2, Viking x3  
  181  13:08  Starport  
  181  13:09  Starport  
  181  13:22  Refinery  
  181  13:23  Refinery  
Show
View Real Time Build Order
Export as new Build Order

Saint Terran 

Build Orders: Mech 

Get SALT Encoding   

  12  0:02  SCV  
  13  0:14  SCV  
  14  0:17  Supply Depot  
  14  0:26  SCV  
  14  0:28  Refinery  
  15  0:39  SCV  
  16  0:46  Barracks  
  16  0:51  SCV  
  17  1:01  Refinery  
  17  1:03  SCV  
  18  1:18  SCV  
  19  1:33  Orbital Command  
  19  1:34  Reaper  
  19  1:37  Factory  
  20  1:45  Supply Depot  
  20  1:58  SCV  
  21  2:06  Reaper  
  22  2:10  SCV  
  25  2:22  Hellion  
  25  2:27  SCV  
  26  2:30  Command Center  
  26  2:39  SCV, Supply Depot  
  26  2:43  Reaper  
  28  2:48  Hellion  
  30  2:51  SCV  
  31  3:01  Starport  
  31  3:03  SCV  
  32  3:11  Factory Tech Lab  
  32  3:15  Barracks Tech Lab  
  32  3:16  Refinery  
  32  3:23  SCV  
  33  3:30  Cyclone  
  36  3:35  SCV  
  37  3:44  Orbital Command  
  37  3:49  Raven  
  37  3:52  SCV  
  40  4:02  Cyclone  
  43  4:04  SCV  
  44  4:10  SCV  
  45  4:24  Command Center  
  35  4:47  SCV x2  
  35  4:51  Refinery  
  35  4:52  Cyclone, Raven  
  42  4:59  SCV x2  
  44  5:10  Supply Depot x3  
  44  5:11  SCV x2  
  44  5:12  Barracks Reactor  
  46  5:23  SCV x2  
  46  5:27  Cyclone  
  51  5:35  SCV  
  49  5:58  SCV x2, Orbital Command  
  49  6:03  Siege Tank  
  51  6:20  SCV x2  
  53  6:31  Factory, Engineering Bay  
  53  6:32  SCV, Factory  
  54  6:33  SCV, Viking  
  54  6:35  Viking  
  54  6:38  SCV  
  60  6:40  Siege Tank  
  60  6:45  SCV  
  60  6:46  SCV  
  65  6:47  Barracks Reactor  
  65  6:50  SCV  
  66  6:57  SCV  
  66  6:58  SCV  
  68  7:07  Viking x2, Armory x2  
  72  7:09  SCV  
  72  7:10  SCV  
  72  7:11  SCV  
  75  7:18  Sensor Tower  
  75  7:30  SCV x2  
  75  7:31  SCV  
  78  7:38  Missile Turret x2  
  78  7:39  Missile Turret x2  
  78  7:41  Viking x2, Missile Turret  
  78  7:42  SCV  
  78  7:43  SCV x2, Missile Turret  
  85  7:45  Supply Depot  
  85  7:47  Supply Depot x2  
  85  7:53  Refinery  
  85  7:54  SCV, Refinery  
  85  7:55  SCV  
  87  8:01  Hi-Sec Auto Tracking  
  87  8:03  Siege Tank  
  87  8:04  Siege Tank  
  93  8:11  Viking x2  
  97  8:16  SCV x3  
  100  8:24  Terran Vehicle And Ship Armor Level 1, Terran Vehicle Weapons Level 1  
  98  8:28  SCV x2  
  98  8:29  SCV  
  98  8:30  Hellion x2  
  105  8:37  Siege Tank  
  108  8:44  Siege Tank  
  108  8:45  Supply Depot  
  108  8:46  Supply Depot  
  111  8:52  Command Center  
  111  8:54  Supply Depot  
  111  8:55  Supply Depot  
  111  8:57  Supply Depot  
  111  8:59  SCV x2  
  111  9:02  Infernal Pre-Igniter  
  113  9:03  Smart Servos  
  113  9:06  Viking  
  113  9:07  Viking  
  103  9:42  Siege Tank, Hellion  
  103  9:43  Siege Tank, Hellion  
  113  9:47  Factory x2  
  113  9:51  Supply Depot  
  84  9:52  Supply Depot, Viking  
  113  9:53  Viking  
  117  10:07  Hellion x2  
  121  10:12  Command Center  
  121  10:24  Command Center  
  121  10:32  Factory Tech Lab, Command Center, Hellion, Thor, Factory Reactor  
  121  10:33  Hellion, Thor  
  137  10:35  Viking  
  137  10:36  Viking  
  137  10:38  Terran Vehicle Weapons Level 2  
  140  10:54  Planetary Fortress  
  138  11:17  Thor x2  
  148  11:18  Hellbat x2  
  148  11:19  Hellbat x2  
  148  11:24  Viking x2  
  156  11:30  Barracks  
  156  11:36  Refinery  
  156  11:38  Planetary Fortress  
  156  11:41  Refinery x2  
  156  11:52  Hellion  
  156  11:53  Hellion x4  
  166  11:56  Viking x2  
  170  12:05  Refinery  
  170  12:06  Thor  
  176  12:17  Command Center  
  102  13:04  Hellbat x3  
  102  13:05  Hellbat  
  98  13:21  Command Center  
Tags
 
Add a new tag
Caveats
  • Supply blocks, unpowered buildings, or Contaminate may cause inaccurate times.
  • Supply counts are checked every 10 seconds.